 Dungeon Crawl Stone Soup version 0.28.0-43-g3370ac3207 (webtiles) character file.

Game seed: 1902137765511184294

234273 freelancePsychic the Warrior (level 18, -18/178 HPs)
             Began as a Minotaur Hunter on Feb 21, 2022.
             Was the Champion of Nemelex Xobeh.
             Killed from afar by Bai Suzhen (27 damage)
             ... with a torrent of water
             ... on level 4 of the Swamp on Mar 26, 2022.
             The game lasted 01:30:20 (48098 turns).

freelancePsychic the Warrior (Minotaur Hunter)     Turns: 48098, Time: 01:30:21

Health: -18/178    AC: 23    Str: 23    XL:     18   Next: 87%
Magic:  30/30      EV: 13    Int:  7    God:    Nemelex Xobeh [******]
Gold:   1172       SH: 24    Dex: 19    Spells: 17/17 levels left

rFire   + + .      SeeInvis .   c - +3 morningstar (elec)
rCold   + . .      Faith    .   f - +2 tower shield {AC+3}
rNeg    . . .      Spirit   .   I - +0 fire dragon scales of Going Fast {rF++ rC- Slay+4}
rPois   +          Reflect  .   (helmet restricted)
rElec   +          Harm     .   p - +0 cloak
rCorr   +          Rampage  .   b - +2 pair of gloves
Will    ++...                   U - +0 pair of boots
Stlth   ..........              r - amulet of Amoor {+Inv rElec Regen+ Int-4 Dex+6}
HPRegen 1.19/turn               N - ring of the Leaf {Ice Int+3 Slay+2}
MPRegen 0.22/turn               e - ring of willpower

@: resistant, attractive, studying Unarmed Combat, very slow
A: horns 2, retaliatory headbutt
}: 1/15 runes: serpentine
a: Renounce Religion, Evoke Invisibility, Draw Escape, Draw Destruction, Draw
Summoning, Draw Stack, Triple Draw, Deal Four, Stack Five


You were on level 4 of the Swamp.
You worshipped Nemelex Xobeh.
Nemelex Xobeh was exalted by your worship.
You visited 6 branches of the dungeon, and saw 29 of its levels.
You visited the Abyss 1 time.
You also visited: Bailey.

You collected 3530 gold pieces.
You spent 2358 gold pieces at shops.

Inventory:

Hand Weapons
 a - a +1 whip of electrocution
 c - a +3 morningstar of electrocution (weapon)
Missiles
 d - 15 arrows
Armour
 b - a +2 pair of gloves (worn)
 f - a +2 tower shield of protection (worn)
 p - a +0 cloak (worn)
 I - the +0 fire dragon scales of Going Fast (worn) {rF++ rC- Slay+4}
   (You took it off a spriggan in a bailey)

   Slay:      It affects your accuracy & damage with ranged weapons and melee
   (+4).
   rF:        It greatly protects you from fire.
   rC:        It makes you vulnerable to cold.
 U - a +0 pair of boots (worn)
Jewellery
 e - a ring of willpower (right hand)
 i - a +4 ring of evasion
 q - a ring of resist corrosion
 r - the amulet of Amoor (around neck) {+Inv rElec Regen+ Int-4 Dex+6}
   (You bought it in a shop on level 3 of the Snake Pit)

   [amulet of regeneration]

   Int:       It affects your intelligence (-4).
   Dex:       It affects your dexterity (+6).
   rElec:     It insulates you from electricity.
   +Inv:      It lets you turn invisible.
   Regen:     It increases your rate of health regeneration.
 t - a ring of poison resistance
 G - a ring of flight
 H - a ring of wizardry
 L - a ring of wizardry
 M - the ring "Zaashufa" {rCorr AC+4 Str+4 Int-5 Dex+4}
   (You found it on level 1 of the Lair of Beasts)

   [ring of protection]

   AC:        It affects your AC (+4).
   Str:       It affects your strength (+4).
   Int:       It affects your intelligence (-5).
   Dex:       It affects your dexterity (+4).
   rCorr:     It protects you from acid and corrosion.
 N - the ring of the Leaf (left hand) {Ice Int+3 Slay+2}
   (You found it on level 1 of the Lair of Beasts)

   [ring of ice]

   It enhances your ice magic.
   Int:       It affects your intelligence (+3).
   Slay:      It affects your accuracy & damage with ranged weapons and melee
   (+2).
   rF:        It makes you vulnerable to fire.
   rC:        It protects you from cold.
 O - a +6 ring of intelligence
 P - a ring of ice
 S - a ring of wizardry
 W - a +6 ring of intelligence
 X - an amulet of regeneration
Wands
 s - a wand of flame (40) {@v2}
 w - a wand of acid (30)
 y - a wand of charming (4)
 B - a wand of paralysis (11)
 J - a wand of iceblast (6)
 R - a wand of mindburst (31) {@v3}
Scrolls
 h - 6 scrolls of teleportation {@r4}
 j - a scroll of blinking
 k - 4 scrolls of holy word
 l - 9 scrolls of fog
 u - 6 scrolls of magic mapping
 v - 8 scrolls of enchant weapon
 x - a scroll of torment
 E - a scroll of immolation
 K - 3 scrolls of identify {@r1}
 V - 2 scrolls of silence
 Y - a scroll of fear
Potions
 g - 4 potions of flight
 m - 7 potions of might
 n - 3 potions of haste {@q3}
 o - 5 potions of lignification
 z - 2 potions of berserk rage {unknown}
 A - 4 potions of brilliance
 C - 6 potions of ambrosia
 D - a potion of attraction
 Q - 4 potions of invisibility
 T - a potion of mutation {unknown}


   Skills:
 + Level 19.7 Fighting
 - Level 2.6 Long Blades
 - Level 16.0 Maces & Flails
 - Level 5.9 Bows
 + Level 14.7 Armour
 - Level 7.2 Dodging
 - Level 0.7 Stealth
 + Level 18.6 Shields
 + Level 18.4 Invocations


You had 17 spell levels left.
You didn't know any spells.
Your spell library contained the following spells:

 Spells                   Type           Power      Damage    Failure   Level
 Beastly Appendage        Tmut           0%         N/A       95%         1
 Magic Dart               Conj           0%         1d3       95%         1
 Sandblast                Erth           0%         2d4       95%         1
 Shock                    Conj/Air       0%         1d3       95%         1
 Blink                    Tloc           0%         N/A       98%         2
 Call Imp                 Summ           0%         N/A       98%         2
 Passwall                 Tmut/Erth      0%         N/A       98%         2
 Wereblood                Tmut           0%         N/A       98%         2
 Conjure Flame            Conj/Fire      0%         6-21      100%        3
 Dazzling Flash           Conj/Hex       0%         N/A       100%        3
 Frozen Ramparts          Ice            0%         1d2       100%        3
 Gell's Gravitas          Tloc           0%         N/A       100%        3
 Lesser Beckoning         Tloc           0%         N/A       100%        3
 Mephitic Cloud           Conj/Pois/Air  0%         N/A       100%        3
 Spider Form              Tmut/Pois      0%         N/A       100%        3
 Stone Arrow              Conj/Erth      0%         3d7       100%        3
 Teleport Other           Tloc           0%         N/A       100%        3
 Tukima's Dance           Hex            0%         N/A       100%        3
 Anguish                  Hex/Necr       0%         N/A       100%        4
 Iskenderun's Mystic Bla  Conj/Tloc      0%         2d3       100%        4
 Passage of Golubria      Tloc           0%         N/A       100%        4
 Petrify                  Tmut/Erth      0%         N/A       100%        4
 Iskenderun's Battlesphe  Conj           0%         2d6       100%        5
 Lightning Bolt           Conj/Air       0%         1d11      100%        5
 Manifold Assault         Tloc           0%         N/A       100%        5
 Metabolic Englaciation   Hex/Ice        0%         N/A       100%        5
 Silence                  Hex/Air        0%         N/A       100%        5
 Summon Forest            Summ/Tloc      0%         N/A       100%        5
 Dispersal                Tloc           0%         N/A       100%        6
 Iron Shot                Conj/Erth      0%         9d1       100%        6
 Simulacrum               Ice/Necr       0%         N/A       100%        6
 Starburst                Conj/Fire      0%         6d3       100%        6
 Statue Form              Tmut/Erth      0%         N/A       100%        6
 Enfeeble                 Hex            0%         N/A       100%        7
 Spellforged Servitor     Conj/Summ      0%         N/A       100%        7
 Storm Form               Tmut/Air       0%         N/A       100%        7
 Borgnjor's Revivificati  Necr           0%         N/A       100%        8
 Lehudib's Crystal Spear  Conj/Erth      0%         10d2      100%        8
 Necromutation            Tmut/Necr      0%         N/A       100%        8
 Death's Door             Necr           0%         N/A       100%        9


Dungeon Overview and Level Annotations

Branches:
Dungeon (11/15)            Temple (0/1) D:7            Lair (6/6) D:11
  Swamp (4/4) Lair:4        Snake (4/4) Lair:3        Slime (0/5) Lair:5
    Orc (2/2) D:11            Elf (2/3) Orc:2        Bailey (visited)

Altars:
Ashenzari
Cheibriados
Dithmenos
Hepliaklqana
Kikubaaqudgha
Makhleb
Nemelex Xobeh
Qazlal
Ru
Sif Muna
Trog
Vehumet
Wu Jian
Xom
The Shining One
Jiyva

Shops:
D:1 !   D:4 (   D:8 *   Orc:2 !!??   Snake:3 =

Annotations:
D:7 3 runed translucent doors, Jingleheimer's ghost, novice MfGl
D:10 3 runed translucent doors, mrw3rdna's ghost, novice OgFE; themarg's ghost, novice MfSu
Lair:2 exclusion: 4 oklob plants
Lair:3 2 transporters, pkoi's ghost, journeyman TrGl
Lair:4 2 transporters, Thorn's ghost, journeyman PaFi
Swamp:4 Bai Suzhen


Innate Abilities, Weirdness & Mutations

You have a pair of horns on your head.
You reflexively headbutt those who attack you in melee.


Message History

The nine-headed hydra completely misses you.
The nine-headed hydra bites you but does no damage. x2
The nine-headed hydra completely misses you.
The nine-headed hydra bites you!
* * * LOW HITPOINT WARNING * * *
Bai Suzhen is engulfed in blazing flames.
Flame seeps out of Bai Suzhen.
Bai Suzhen misses you. You furiously retaliate!
You headbutt Bai Suzhen, but do no damage.
You block Bai Suzhen's attack.
Bai Suzhen tramples you but does no damage.
You hit Bai Suzhen.
Flame seeps out of Bai Suzhen. x2
You headbutt Bai Suzhen!!
Bai Suzhen is severely wounded.
You are engulfed in blazing flames.
You resist.
* * * LOW HITPOINT WARNING * * *
You block the nine-headed hydra's attack. x2
The nine-headed hydra bites you but does no damage.
The nine-headed hydra closely misses you.
You block the nine-headed hydra's attack.
The nine-headed hydra bites you but does no damage.
The nine-headed hydra barely misses you.
You block the nine-headed hydra's attack. x2
Bai Suzhen is engulfed in blazing flames.
Flame seeps out of Bai Suzhen.
Bai Suzhen bites you!
* * * LOW HITPOINT WARNING * * *
Bai Suzhen claws you but does no damage.
Bai Suzhen closely misses you.
Blink to where?
Press: ? - help, Dir - move target Splash!
You fall into the shallow water.
Moving in this stuff is going to be slow.
Found 2 poisoned darts, 18 bolts and 13 gold pieces.
As you read the scroll of blinking, it crumbles to dust.
Bai Suzhen is engulfed in blazing flames.
Flame seeps out of Bai Suzhen.
Bai Suzhen breathes water at you. The torrent of water hits you!!
You die...
Your body disappears without a glow.

≈≈..§☼≈§♣
≈§..☼≈)§♣♣♣...≈≈♣♣♣♣♣
..≈≈☼☼)D§♣♣≈.§.......
..≈§§☼○D§♣♣≈≈≈≈≈.§≈≈≈
...≈§§§≈≈...≈≈≈≈≈≈≈≈≈
≈..≈≈≈≈≈≈≈......≈≈≈..
.?..≈≈.≈≈......≈(...$
#≈.........≈≈≈≈≈§.≈.≈
#♣..≈≈..≈..≈§@≈≈≈≈♣
#...≈.≈≈..§≈≈≈≈.♣♣
..≈(≈≈≈≈..♣♣
≈..≈§≈≈.≈♣♣
#..≈≈≈≈.≈♣ ##♣.≈≈≈.♣♣
♣..≈≈.♣ ♣♣.≈≈.♣


You could see Bai Suzhen (inner flame, clouds, catching breath) and a
nine-headed hydra (summoned).

Vanquished Creatures
  2 tentacled starspawn (Abyss:2)
  A thorn hunter (Swamp:2)
  A fenstrider witch (Swamp:1)
  11 nagarajas
  A deep elf elementalist (Elf:2)
  A stone giant (Orc:1)
  2 eleionomae (Swamp:1)
  10 bunyips
  A minotaur (Snake:2)
  2 fire dragons
  3 ettins (Orc:1)
  5 salamander tyrants (Snake:4)
  A shambling mangrove (Swamp:1)
  13 naga warriors
  A ghost crab (Swamp:2)
  An alligator snapping turtle (Swamp:1)
  13 hydras
  6 anacondas
  30 dancing weapons
  3 two-headed ogres
  6 alligators
  A two-headed ogre (shapeshifter) (Elf:1)
  18 naga sharpshooters
  A thrashing horror (Abyss:2)
  7 shock serpents
  10 deep elf knights
  Nergalle (D:10)
  2 sixfirhies (Abyss:2)
  2 wretched stars (Abyss:2)
  7 goliath frogs
  2 spriggan druids
  A glowing orange brain (Abyss:2)
  3 salamander mystics (Snake:4)
  3 bog bodies
  4 swamp dragons
  2 lindwurms (Lair:6)
  7 naga ritualists
  6 deep elf archers
  5 orc knights
  26 deep elf pyromancers
  Pikel (D:8)
  A harpy (Lair:4)
  20 deep elf zephyrmancers
  3 stone giant zombies (Orc:1)
  11 mana vipers
  2 will-o-the-wisps
  A manticore (Lair:2)
  15 salamanders
  14 cyclopes
  10 elephants
  34 black mambas
  A moth of wrath (Lair:6)
  14 naga magi
  A torpor snail (Lair:6)
  7 guardian serpents
  3 molten gargoyles (Lair:6)
  A smoke demon (Abyss:2)
  A cane toad (shapeshifter) (Elf:1)
  18 cane toads
  An orange demon (Abyss:2)
  6 rime drakes
  Maggie (D:9)
  16 komodo dragons
  A kobold demonologist (D:10)
  3 trolls
  3 ancient zymes (Abyss:2)
  A troll (shapeshifter) (Elf:2)
  2 queen bees
  12 hornets
  23 blink frogs
  11 raiju (Abyss:2)
  A slime creature (Elf:1)
  10 dream sheep (Lair:6)
  10 tyrant leeches
  5 large abominations (Abyss:2)
  2 air elementals
  A vampire (D:10)
  5 wraiths
  3 ynoxinuls (Abyss:2)
  17 spriggans
  4 fire bats (Abyss:2)
  4 water elementals
  7 wyverns
  56 yaks
  A fire elemental (Elf:1)
  A human (Snake:2)
  6 steam dragons
  9 basilisks
  A neqoxec (Abyss:2)
  7 vampire mosquitoes
  A chaos spawn (Abyss:2)
  Menkaure (D:6)
  2 acid dragons
  50 nagas
  14 swamp worms
  7 wargs
  10 hell hounds
  8 water moccasins
  28 orc warriors
  2 ice beasts
  2 sky beasts
  3 swamp drakes
  3 black bears
  2 necrophages
  16 ogres
  11 starcursed masses (Abyss:2)
  23 wolves
  20 centaurs
  4 lemures (D:7)
  A phantom (D:6)
  7 bullfrogs
  5 kobold brigands
  Blork the orc (D:6)
  A gnoll sergeant (D:11)
  A cyclops zombie (Orc:1)
  2 scorpions (D:7)
  4 small abominations (Abyss:2)
  42 killer bees
  5 wights (D:10)
  4 electric eels
  3 howler monkeys
  2 centaur zombies
  4 lava snakes (Lair:6)
  4 bullfrog zombies
  8 orc priests
  2 gnoll shamans
  3 hounds
  2 jellies
  A centaur skeleton (D:5)
  An iron imp (Abyss:2)
  13 iguanas
  10 orc wizards
  A killer bee zombie (D:3)
  2 howler monkey zombies
  Robin (D:2)
  14 gnolls
  6 adders
  2 howler monkey skeletons (D:7)
  3 river rats
  A white imp (Abyss:2)
  2 ufetubi
  An adder skeleton (D:4)
  4 worms
  3 dart slugs
  61 orcs
  3 ball pythons
  4 bats
  5 endoplasms
  4 giant cockroaches
  9 hobgoblins
  3 quokkas
  4 frilled lizards
  11 goblins
  17 kobolds
  8 rats
1112 creatures vanquished.

Vanquished Creatures (collateral kills)
  Donald (Snake:2)
  4 nagarajas (Snake:4)
  Aizul (Snake:1)
  Josephine (D:11)
  5 naga warriors
  A boulder beetle (D:11)
  2 anacondas
  4 naga sharpshooters
  A salamander mystic (Snake:4)
  A naga ritualist (Snake:4)
  A salamander (Snake:3)
  A centaur zombie (D:11)
  2 black mambas
  2 naga magi (Snake:4)
  A gargoyle (D:7)
  Grinder (D:6)
  A wyvern (D:7)
  A spriggan (Bailey)
  2 shadows (D:11)
  4 wraiths (D:11)
  A yak (D:11)
  A steam dragon (D:7)
  8 nagas
  2 acid dragons (D:11)
  3 orc warriors (Orc:2)
  3 centaurs (Orc:2)
  A scorpion (D:6)
  A centaur skeleton (D:6)
  An iguana (D:6)
  An ufetubus (D:6)
59 creatures vanquished.

Vanquished Creatures (others)
  2 deep elf knights
  An unseen horror (Lair:4)
  A bloated husk (Swamp:2)
  A polar bear (Lair:4)
  A yak (Lair:4)
  An acid dragon (D:9)
  A swamp drake (Lair:4)
  A centaur (D:7)
  3 bullfrogs (D:7)
  An electric eel (Elf:1)
  2 orc wizards
  6 foxfires
  17 fungi
  75 plants
113 creatures vanquished.

Grand Total: 1284 creatures vanquished

Notes
Turn   | Place    | Note
-------+----------+-------------------------------------------
     0 | D:1      | freelancePsychic the Minotaur Hunter began the quest for
                  | the Orb.
     0 | D:1      | Reached XP level 1. HP: 18/18 MP: 0/0
   193 | D:1      | Reached XP level 2. HP: 25/25 MP: 1/1
   206 | D:1      | Found Muteil's Distillery.
   394 | D:1      | Upgraded the game from 0.28.0-1-gb440e238dd to
                  | 0.28.0-43-g3370ac3207
   564 | D:1      | Reached skill level 3 in Fighting
   564 | D:1      | Reached skill level 5 in Bows
   797 | D:2      | Reached XP level 3. HP: 19/31 MP: 2/2
  1522 | D:2      | Found a faded altar of an unknown god.
  1629 | D:2      | Reached XP level 4. HP: 34/39 MP: 3/3
  1939 | D:2      | Noticed Robin
  2095 | D:2      | Killed Robin
  2368 | D:3      | Found an ancient bone altar of Kikubaaqudgha.
  2419 | D:3      | Found a sparkling altar of Nemelex Xobeh.
  2423 | D:3      | Became a worshipper of Nemelex Xobeh the Trickster
  2466 | D:3      | Reached skill level 4 in Fighting
  2491 | D:3      | Reached skill level 1 in Invocations
  2491 | D:3      | Reached XP level 5. HP: 14/47 MP: 4/4
  3084 | D:3      | Reached skill level 1 in Long Blades
  3267 | D:3      | Noticed a necrophage
  3277 | D:3      | Killed a necrophage
  3419 | D:3      | Reached XP level 6. HP: 53/53 MP: 6/6
  3690 | D:4      | Found a broken altar of Ashenzari.
  3768 | D:4      | Found Melaumet's Weapon Shop.
  3769 | D:4      | Reached * piety under Nemelex Xobeh
  3849 | D:4      | Reached skill level 1 in Maces & Flails
  4004 | D:4      | Found a snail-covered altar of Cheibriados.
  4079 | D:4      | Bought a +1 whip of electrocution for 158 gold pieces
  4133 | D:4      | Received a gift from Nemelex Xobeh
  4253 | D:4      | Reached skill level 5 in Fighting
  4597 | D:5      | Entered Level 5 of the Dungeon
  4616 | D:5      | Noticed a sky beast
  4630 | D:5      | Killed a sky beast
  4694 | D:4      | Reached XP level 7. HP: 39/61 MP: 8/8
  5069 | D:5      | Reached ** piety under Nemelex Xobeh
  5257 | D:5      | Reached skill level 6 in Fighting
  5484 | D:6      | Noticed Blork the orc
  5488 | D:6      | Killed Blork the orc
  5489 | D:6      | Reached skill level 5 in Maces & Flails
  5547 | D:6      | Received a gift from Nemelex Xobeh
  5618 | D:6      | Noticed Grinder
  5623 | D:6      | Reached XP level 8. HP: 71/71 MP: 8/10
  5637 | D:6      | Killed Grinder
  5908 | D:6      | Reached skill level 7 in Fighting
  6242 | D:6      | Reached skill level 5 in Invocations
  6375 | D:6      | Noticed Menkaure
  6381 | D:6      | Killed Menkaure
  6384 | D:6      | Received a gift from Nemelex Xobeh
  6473 | D:6      | Found a hazy altar of Hepliaklqana.
  6474 | D:6      | Found a shadowy altar of Dithmenos.
  6538 | D:6      | Found an ornate altar of the Wu Jian Council.
  6648 | D:7      | Reached XP level 9. HP: 75/80 MP: 10/12
  6668 | D:7      | Found a burning altar of Makhleb.
  6668 | D:7      | Found a shimmering altar of Xom.
  6999 | D:7      | Reached skill level 8 in Fighting
  7166 | D:7      | Reached *** piety under Nemelex Xobeh
  7176 | D:7      | Received a gift from Nemelex Xobeh
  7576 | D:7      | Found a staircase to the Ecumenical Temple.
  7803 | D:7      | Reached skill level 10 in Maces & Flails
  7835 | D:7      | Found a runed translucent gate.
  7835 | D:7      | Found a runed translucent gate.
  7835 | D:7      | Found a runed translucent gate.
  7836 | D:7      | Noticed Jingleheimer's ghost (novice MfGl)
  7904 | D:7      | Noticed a gargoyle
  7921 | D:7      | Killed a gargoyle
  7922 | D:7      | Reached skill level 9 in Fighting
  8737 | D:8      | Noticed Pikel
  8806 | D:8      | Reached XP level 10. HP: 91/91 MP: 14/14
  9045 | D:8      | Found Sedgh's Assorted Antiques.
  9080 | D:8      | Bought 2 inky potions for 48 gold pieces
  9080 | D:8      | Bought a scroll of identify for 54 gold pieces
  9367 | D:8      | Noticed a two-headed ogre
  9372 | D:8      | Killed a two-headed ogre
  9373 | D:8      | Reached skill level 10 in Fighting
  9373 | D:8      | Reached skill level 1 in Armour
  9436 | D:8      | Received a gift from Nemelex Xobeh
  9484 | D:8      | Killed Pikel
  9621 | D:8      | Found a radiant altar of Vehumet.
  9621 | D:8      | Found a stormy altar of Qazlal.
  9812 | D:9      | Found a flagged portal.
  9837 | Bailey   | Entered a bailey
 10282 | Bailey   | Noticed a two-headed ogre
 10296 | Bailey   | Killed a two-headed ogre
 10297 | Bailey   | Reached XP level 11. HP: 98/101 MP: 16/16
 10637 | Bailey   | Identified the +0 fire dragon scales of Going Fast {rF++
                  | rC- Slay+4}
 11036 | D:9      | Reached skill level 11 in Fighting
 11075 | D:9      | Received a gift from Nemelex Xobeh
 11450 | D:9      | Reached skill level 5 in Armour
 11479 | D:9      | Noticed a purple ugly thing
 11561 | D:9      | Noticed Maggie
 11575 | D:9      | Killed Maggie
 11743 | D:9      | Noticed a two-headed ogre
 11774 | D:10     | Entered Level 10 of the Dungeon
 11782 | D:10     | Reached **** piety under Nemelex Xobeh
 11906 | D:10     | Found a sacrificial altar of Ru.
 11930 | D:10     | Reached skill level 10 in Invocations
 12307 | D:10     | Noticed Nergalle
 12342 | D:11     | Noticed Josephine
 12347 | D:11     | Killed Josephine
 12391 | D:11     | Reached skill level 12 in Fighting
 12672 | D:10     | Found a runed translucent gate.
 12673 | D:10     | Found a runed translucent gate.
 12673 | D:10     | Found a runed translucent gate.
 12674 | D:10     | Noticed themarg's ghost (novice MfSu)
 12675 | D:10     | Noticed mrw3rdna's ghost (novice OgFE)
 12727 | D:10     | Killed Nergalle
 12922 | D:10     | Noticed a soul eater
 13447 | D:11     | Found a staircase to the Lair.
 13492 | D:10     | Reached XP level 12. HP: 108/112 MP: 19/19
 13865 | D:11     | Noticed a boulder beetle
 13891 | D:11     | Killed a boulder beetle
 14089 | D:11     | Noticed a two-headed ogre
 14149 | Lair:1   | Entered Level 1 of the Lair of Beasts
 14156 | Lair:1   | Identified the ring "Zaashufa" {rCorr AC+4 Str+4 Int-5
                  | Dex+4}
 14201 | Lair:1   | Identified the ring of the Leaf {Ice Int+3 Slay+2}
 14218 | Lair:1   | Reached skill level 1 in Shields
 14443 | Lair:1   | Received a gift from Nemelex Xobeh
 14446 | Lair:1   | Identified the +6 broad axe of Hemoxtovo {flame, Str+2
                  | Dex+4}
 14760 | Lair:1   | You fall into a shaft and drop 1 floor!
 14760 | Lair:2   | Reached ***** piety under Nemelex Xobeh
 14862 | Lair:2   | Reached skill level 5 in Shields
 14874 | Lair:2   | Reached skill level 13 in Fighting
 15356 | Lair:2   | Received a gift from Nemelex Xobeh
 15436 | Lair:2   | Found a glowing golden altar of the Shining One.
 16223 | Lair:2   | Reached XP level 13. HP: 116/123 MP: 21/21
 16618 | Lair:2   | Identified the +3 dagger "Kyugenuw" {drain, rF- Will+
                  | Int+6}
 16651 | Lair:2   | Received a gift from Nemelex Xobeh
 17599 | Lair:3   | Found a staircase to the Snake Pit.
 18121 | Lair:3   | Reached skill level 14 in Fighting
 18419 | Lair:3   | Received a gift from Nemelex Xobeh
 18678 | Lair:3   | Reached skill level 10 in Shields
 18762 | Lair:3   | Noticed pkoi's ghost (journeyman TrGl)
 18767 | Lair:3   | Found a bloodstained altar of Trog.
 18784 | Lair:3   | Found a transporter.
 18790 | Lair:3   | Found a transporter.
 20693 | Lair:4   | Noticed a ghost moth
 20695 | Lair:4   | a ghost moth changed into a jorogumo
 21271 | Lair:4   | Received a gift from Nemelex Xobeh
 21306 | Lair:4   | Found a transporter.
 21306 | Lair:4   | Noticed Thorn's ghost (journeyman PaFi)
 21318 | Lair:4   | Noticed a dire elephant
 21440 | Lair:4   | Found a transporter.
 22076 | Lair:4   | Received a gift from Nemelex Xobeh
 22077 | Lair:4   | Found a staircase to the Swamp.
 22227 | Lair:5   | Found a viscous altar of Jiyva.
 22228 | Lair:5   | Found a staircase to the Slime Pits.
 22293 | Lair:5   | Reached skill level 15 in Fighting
 22406 | Lair:5   | Received a gift from Nemelex Xobeh
 22424 | Lair:5   | Noticed Urug
 22427 | Lair:5   | Noticed Urug
 22427 | Lair:5   | Urug changed into Urug the hornet
 22433 | Lair:5   | Killed Urug the hornet
 22483 | Lair:5   | Got the Collected Works on the Glacier
 22621 | Lair:5   | Reached ****** piety under Nemelex Xobeh
 22717 | Lair:5   | Reached XP level 14. HP: 135/135 MP: 23/23
 23212 | Lair:5   | Received a gift from Nemelex Xobeh
 23318 | Lair:6   | Entered Level 6 of the Lair of Beasts
 24185 | Lair:6   | Received a gift from Nemelex Xobeh
 24398 | Lair:6   | Noticed a broodmother
 24398 | Lair:6   | a six-headed hydra changed into a broodmother
 24399 | Lair:6   | a broodmother changed into a salamander
 26493 | Lair:6   | Found a large runed translucent door.
 26493 | Lair:6   | Found a large runed translucent door.
 27238 | D:11     | Reached skill level 16 in Fighting
 27846 | D:11     | Found a staircase to the Orcish Mines.
 27855 | Orc:1    | Entered Level 1 of the Orcish Mines
 28326 | Orc:1    | Received a gift from Nemelex Xobeh
 28339 | Orc:1    | Reached skill level 15 in Invocations
 28899 | Orc:1    | Reached XP level 15. HP: 144/144 MP: 25/25
 29021 | Orc:1    | Reached skill level 5 in Dodging
 29718 | Orc:2    | Entered Level 2 of the Orcish Mines
 30048 | Orc:2    | Found a staircase to the Elven Halls.
 30069 | Orc:2    | Received a gift from Nemelex Xobeh
 30684 | Orc:2    | Found Uneokhig's Distillery.
 30684 | Orc:2    | Found Qimuc's Magic Scroll Emporium.
 30686 | Orc:2    | Found Sethaen's Magic Scroll Shoppe.
 30688 | Orc:2    | Found Titwolij's Distillery.
 30700 | Orc:2    | Bought a potion of heal wounds for 70 gold pieces
 30700 | Orc:2    | Bought a potion of might for 56 gold pieces
 30703 | Orc:2    | Bought a scroll of fear for 49 gold pieces
 30703 | Orc:2    | Bought a scroll of teleportation for 42 gold pieces
 30703 | Orc:2    | Bought 2 scrolls of magic mapping for 98 gold pieces
 30704 | Orc:2    | Bought 2 potions of invisibility for 240 gold pieces
 30704 | Orc:2    | Bought a potion of invisibility for 120 gold pieces
 30704 | Orc:2    | Bought a potion of haste for 150 gold pieces
 30704 | Orc:2    | Bought a potion of heal wounds for 75 gold pieces
 30707 | Orc:2    | Bought 3 scrolls of enchant weapon for 315 gold pieces
 30736 | Elf:1    | Entered Level 1 of the Elven Halls
 31462 | Elf:1    | Reached skill level 10 in Armour
 32441 | Elf:1    | Reached skill level 17 in Fighting
 32445 | Elf:1    | HP: 6/147 [deep elf archer/arrow (23)]
 32451 | Elf:1    | HP: 1/147 [deep elf zephyrmancer/bolt of lightning (16)]
 32891 | Snake:1  | Entered Level 1 of the Snake Pit
 32921 | Snake:1  | Received a gift from Nemelex Xobeh
 34263 | Snake:1  | Noticed Aizul
 34276 | Snake:1  | Killed Aizul
 34873 | Snake:1  | Received a gift from Nemelex Xobeh
 34886 | Snake:1  | Reached XP level 16. HP: 101/155 MP: 27/27
 36087 | Snake:2  | Noticed Donald
 36094 | Snake:2  | Killed Donald
 36947 | Snake:2  | Received a gift from Nemelex Xobeh
 37867 | Snake:2  | Reached skill level 15 in Shields
 38278 | Snake:2  | Reached skill level 15 in Maces & Flails
 38728 | Snake:3  | Received a gift from Nemelex Xobeh
 39055 | Snake:3  | Found Howyrch's Jewellery Shop.
 39073 | Snake:3  | Bought the amulet of Amoor {+Inv rElec Regen+ Int-4 Dex+6}
                  | for 883 gold pieces
 39876 | Snake:4  | Entered Level 4 of the Snake Pit
 39896 | Snake:4  | Received a gift from Nemelex Xobeh
 40241 | Snake:4  | Reached XP level 17. HP: 124/161 MP: 28/28
 40690 | Snake:4  | Identified the +1 trident of the King {vorpal, rN+ MP+9}
 40909 | Snake:4  | Received a gift from Nemelex Xobeh
 41032 | Snake:4  | Reached skill level 18 in Fighting
 41041 | Snake:4  | Received a gift from Nemelex Xobeh
 42131 | Snake:4  | Got a serpentine rune of Zot
 42638 | Elf:1    | Paralysed by an air elemental for 1 turns
 42892 | Elf:1    | Got the Grimoire of Supportive Combat Magic
 43298 | Elf:2    | Found a shimmering blue altar of Sif Muna.
 43477 | Elf:2    | Received a gift from Nemelex Xobeh
 43573 | Elf:2    | Found a runed translucent gate.
 43573 | Elf:2    | Found a runed translucent gate.
 43573 | Elf:2    | Found a runed translucent gate.
 43621 | Elf:2    | Reached XP level 18. HP: 144/173 MP: 29/29
 44121 | Elf:2    | Cast into level 2 of the Abyss (+3 dire flail of
                  | distortion)
 44121 | Abyss:2  | Found a corrupted altar of Lugonu.
 44242 | Abyss:2  | Found a corrupted altar of Lugonu.
 44837 | Elf:2    | Escaped the Abyss
 45155 | Elf:2    | Reached skill level 19 in Fighting
 45688 | Swamp:1  | Entered Level 1 of the Swamp
 46537 | Swamp:2  | Identified the +8 broad axe of Success {venom, Will+}
 46838 | Swamp:2  | Received a gift from Nemelex Xobeh
 47512 | Swamp:3  | Received a gift from Nemelex Xobeh
 48083 | Swamp:4  | Entered Level 4 of the Swamp
 48084 | Swamp:4  | Noticed Bai Suzhen
 48097 | Swamp:4  | HP: 8/178 [Bai Suzhen (12)]
 48098 | Swamp:4  | Killed from afar by Bai Suzhen

Illustrated notes

Levels and vault maps discovered:
D:1:      lightli_arrival_flooded_house, layout_loops_ring, serial_shops,
          nicolae_shop_hallway_plus
D:2:      layout_basic, hellmonk_ecumenical_altar_leap_of_faith,
          dk_noncrumbling_2, minmay_misc_feat_ornament, uniq_robin
D:3:      layout_basic, nemelex_dance_club_becter, mainiacjoe_overflow_catwalk,
          portal_sewer_entry_a
D:4:      layout_loops_ring, cheibrodos_worm_habitat, evilmike_ruin_ashenzari,
          serial_shops, nicolae_diamond_shop
D:5:      layout_rooms, minmay_misc_feat_cross, minivault_11
D:6:      layout_loops_ring, riverfiend_overflow_shadow_ancestor,
          nzn_wu_jian_council_hall, minmay_statues_item, uniq_blork_the_orc,
          uniq_grinder, uniq_menkaure
D:7:      minmay_razor_zed, layout_basic, mainiacjoe_overflow_brackets,
          xom_confusion_cloud, minmay_temple_entry_ruins,
          ebering_ghost_rock_garden
D:8:      layout_rooms, grunt_temple_overflow_open, serial_shops,
          kennysheep_little_box, minivault_10, uniq_pikel
D:9:      layout_roguey, enter_bailey_5, onia_ninara_dug_in_and_dangerous,
          uniq_maggie
D:10:     layout_basic, nicolae_ru_sacrificial_ziggurat,
          gammafunk_ghost_cemetery, grunt_ministairs_10, uniq_nergalle
D:11:     minmay_recursive_quarters, layout_cross, erik_lair_orcish_takeover,
          erik_orc_2, uniq_josephine, uniq_sonja
Lair:1:   hellmonk_warped_wall, layout_cave_pods, lemuel_fruit_fields
Lair:2:   hangedman_what_comes_after_a, layout_big_grid, lemuel_centaur_altar,
          grunt_megastairs_3, serial_bayou_shore_a, serial_bayou_shore_b
Lair:3:   beast_lair_carwin_large_4, layout_layer_cave,
          minmay_snake_entry_guardpost_small, gammafunk_ghost_wrathful_warriors,
          serial_forest, infiniplex_forest_lined_corner,
          infiniplex_forest_clump_small, infiniplex_forest_straight_2,
          infiniplex_forest_clump_C, infiniplex_forest_clump_large,
          infiniplex_forest_end_3, serial_bayou_crossing,
          infiniplex_staircase_pool_2, lemuel_fruit_tree
Lair:4:   layout_gridlike, palyth_hydra_swamp_entry, gammafunk_ghost_arena,
          chequers_serial_rivers_micro_e, wad_woods_01
Lair:5:   layout_gridlike, slime_altar_1, grunt_megastairs_5, uniq_urug
Lair:6:   cheibrodos_lair_end_hotspot, layout_cave_shapes
Swamp:1:  layout_basic_swamp, hangedman_swamp_ruin_wall, swamp_pool3,
          infiniplex_staircase_pool
Swamp:2:  layout_basic_swamp, evilmike_swamp_ruin_house_6
Swamp:3:  layout_basic_swamp, nicolae_swamp_little_swirl, swamp_pool2,
          nicolae_swamp_frolicking_bunyips
Swamp:4:  byrel_swamp_growth_death_and_undeath, layout_basic_swamp, swamp_pool3,
          nzn_swamp_blast_mining, uniq_bai_suzhen
Snake:1:  layout_chambers, uniq_aizul
Snake:2:  layout_grid_shapes, corexii_hall_statues_u, grunt_ministairs_15,
          uniq_donald
Snake:3:  layout_cave_town, serial_shops, nicolae_stop_n_shop_2
Snake:4:  grunt_snake_rune_spirals, layout_onion_interference
Orc:1:    giant_chief_lemuel, layout_diamond_mine
Orc:2:    st_orc_rangers, layout_caves
Elf:1:    elf_arrival_002, layout_rooms, minmay_elf_sorcery,
          nicolae_elf_big_sculpture_2, st_stairs_5, hex_tiny, chequers_big_river
Elf:2:    nicolae_elf_blades_crystal_corner, layout_geoelf_diagonals,
          basic_altar

Skill      XL: |  1  2  3  4  5  6  7  8  9 10 11 12 13 14 15 16 17 18 |
---------------+-------------------------------------------------------+-----
Fighting       | 3 4 5 6 7 9 10 12 13 15 16 17 18 19 | 19.7
Bows           | 5 |  5.9
Invocations    | 1 2 3 4 5 6 9 11 12 13 15 16 17 18 | 18.4
Long Blades    | 2 |  2.6
Maces & Flails | 3 5 8 11 12 16 | 16.0
Armour         | 4 7 8 10 11 13 14 | 14.7
Shields        | 8 12 13 16 17 18 | 18.6
Dodging        | 4 7 |  7.2
Stealth        | |  0.7

Action                   |  1- 3 |  4- 6 |  7- 9 | 10-12 | 13-15 | 16-18 || total
-------------------------+-------+-------+-------+-------+-------+-------++-------
Melee: Short sword       |    56 |    32 |       |       |       |       ||    88
       Headbutt          |     8 |    18 |    47 |   153 |   359 |   407 ||   992
       Punch             |     1 |       |     1 |     9 |       |       ||    11
       Long sword        |       |    71 |       |       |       |       ||    71
       Whip              |       |    26 |   206 |   656 |  1265 |       ||  2153
       Morningstar       |       |       |       |       |    40 |  1469 ||  1509
 Fire: Shortbow          |    36 |    11 |       |       |       |       ||    47
Invok: Draw Destruction  |       |       |     9 |    19 |    49 |    42 ||   119
       Draw Summoning    |       |       |     2 |     3 |     5 |    11 ||    21
       Draw Escape       |       |       |     1 |     6 |     2 |     1 ||    10
       Stack Five        |       |       |       |       |     1 |       ||     1
       Deal Four         |       |       |       |       |     1 |     1 ||     2
       Draw Stack        |       |       |       |       |     3 |       ||     3
Evoke: Wand              |       |     4 |       |    19 |     9 |     1 ||    33
  Use: Scroll            |       |     6 |     3 |    11 |    16 |     9 ||    45
       Potion            |       |     2 |       |     2 |    13 |     7 ||    24
 Stab: Distracted        |       |       |       |     2 |       |     2 ||     4
       Petrified         |       |       |       |     3 |       |       ||     3
       Petrifying        |       |       |       |     1 |       |       ||     1
       Confused          |       |       |       |       |     2 |       ||     2
       Fleeing           |       |       |       |       |       |     1 ||     1
Armor: Leather armour    |    18 |     9 |       |       |       |       ||    27
       Scale mail        |       |    23 |     8 |       |       |       ||    31
       Ring mail         |       |       |    39 |    22 |       |       ||    61
       Fire dragon scale |       |       |       |   184 |   370 |   349 ||   903
Dodge: Dodged            |    34 |   121 |   137 |   302 |   342 |   428 ||  1364
Block: Kite shield       |       |       |       |   101 |   639 |    81 ||   821
       Tower shield      |       |       |       |       |       |  1472 ||  1472
       Reflection        |       |       |       |       |       |    12 ||    12
